Kelowna Rockets vs Tucson Roadrunners
Created - Sunday, February 18, 2024 at 08:07
Goals
|
| Kelowna Rockets |
1 |
0 |
1 |
0 |
2 |
| Tucson Roadrunners |
1 |
1 |
0 |
1 |
3 |
|
Shots
|
| Kelowna Rockets |
11 |
6 |
14 |
0 |
31 |
| Tucson Roadrunners |
12 |
21 |
18 |
2 |
53 |
|
1st period
1. Kelowna Rockets , Riley Nash 8 (Matias Maccelli 16, Nicholas Caamano 2) at 5:56
2. Tucson Roadrunners , Mark Jankowski 4 (Nicolas Petan 6, Logan Shaw 4) at 10:04 (PP)
Penalties :
Matias Maccelli (KEL) for Holding (Minor) at 2:31, Connor Zary (KEL) for Slashing (Minor) at 9:55
2nd period
3. Tucson Roadrunners , Matt Nieto 8 (Ross Colton 10) at 0:17 (PP)
Penalties :
Riley Nash (KEL) for Holding Stick (Minor) at 0:16, Nicolas Petan (TRR) for Fighting (Major) at 1:05, Roby Jarventie (KEL) for Fighting (Major) at 1:05, Nick Seeler (TRR) for Roughing (Minor) at 11:19
3rd period
4. Kelowna Rockets , Jacob Perreault 4 (Eemil Viro 2, Kim Nousiainen 2) at 3:55
Penalties :
Bobby McMann (KEL) for Hooking (Minor) at 1:29, Maxence Guenette (KEL) for Cross-checking (Minor) at 14:10, Roby Jarventie (KEL) for Hooking (Minor) at 19:04
Overtime #1
5. Tucson Roadrunners , Ross Colton 7 (Matt Nieto 7, Robert Hagg 5) at 2:00
Penalties :
No Penalty
Goalie Stats
Eetu Makiniemi (KEL), 50 saves from 53 shots - (0.943), OTL, 0-1-1, 62:00 minutes
Elvis Merzlikins (TRR), 29 saves from 31 shots - (0.935), W, 7-2-1, 62:00 minutes
Players Stats for Kelowna Rockets
Player Name G A P +/- PIM S H SB GA TA FO MP PP MP PK MP
------------------------------------------------------------------------------------
Anttoni Honka 0 0 0 -1 0 1 1 2 0 0 0/0 26:42 1:25 3:35
Bobby McMann 0 0 0 0 2 1 2 1 0 2 0/1 19:14 0:59 2:31
Connor Zary 0 0 0 0 2 2 0 1 0 0 5/8 14:27 0:00 0:00
Eemil Viro 0 1 1 1 0 0 0 0 0 0 0/0 14:21 0:00 0:00
Henri Nikkanen 0 0 0 0 0 0 0 0 0 0 0/0 2:24 0:00 0:00
Jack Drury 0 0 0 1 0 4 2 1 1 1 2/5 16:10 0:59 0:00
Jacob Perreault 1 0 1 1 0 1 1 0 0 1 1/2 16:10 0:59 0:00
Jasper Weatherby 0 0 0 0 0 0 0 0 0 0 0/0 3:55 0:00 0:17
Joel Kiviranta 0 0 0 0 0 0 0 0 2 1 2/10 18:58 1:00 3:37
Kim Nousiainen 0 1 1 1 0 2 1 0 0 0 0/0 15:19 0:00 0:57
Lucas Johansen 0 0 0 1 0 0 0 2 0 3 0/0 20:57 0:34 4:31
Matias Maccelli 0 1 1 1 2 6 1 1 2 1 0/3 23:14 1:00 2:56
Mavrik Bourque 0 0 0 0 0 3 0 0 0 2 4/8 7:25 0:00 0:00
Maxence Guenette 0 0 0 -1 2 1 3 0 0 1 0/0 25:44 1:25 2:38
Nicholas Caamano 0 1 1 0 0 0 2 0 0 0 0/1 14:28 0:00 0:00
Oskari Laaksonen 0 0 0 1 0 1 1 1 0 1 0/0 20:57 0:34 4:31
Riley Nash 1 0 1 1 2 5 2 1 0 0 17/30 24:22 1:00 3:51
Roby Jarventie 0 0 0 0 7 4 1 0 1 0 1/2 15:00 0:00 1:56
Players Stats for Tucson Roadrunners
Player Name G A P +/- PIM S H SB GA TA FO MP PP MP PK MP
------------------------------------------------------------------------------------
Anthony Richard 0 0 0 -1 0 8 1 0 0 1 0/2 14:50 0:07 0:00
Benjamin Jones 0 0 0 -1 0 3 1 0 1 0 4/9 15:34 0:09 0:00
Brock McGinn 0 0 0 0 0 4 0 1 1 0 1/3 18:58 3:17 1:01
Carson Soucy 0 0 0 1 0 2 5 2 1 1 0/0 27:25 3:32 0:55
Fabian Lysell 0 0 0 -1 0 3 4 1 2 0 0/0 8:56 0:00 0:00
Johnathan Kovacevic 0 0 0 0 0 1 1 0 0 0 0/0 21:06 3:30 0:49
Logan Shaw 0 1 1 0 0 6 0 0 2 0 1/1 16:54 3:38 0:00
Marian Studenic 0 0 0 -1 0 3 0 0 0 0 0/0 8:56 0:00 0:00
Mark Jankowski 1 0 1 0 0 3 1 0 1 0 13/22 18:30 3:36 1:01
Matt Nieto 1 1 2 1 0 2 1 0 0 1 1/2 20:18 3:17 0:58
Nick Seeler 0 0 0 0 2 2 0 0 1 1 0/0 19:43 3:27 0:00
Nicolas Petan 0 1 1 0 5 5 1 0 0 0 0/0 15:31 3:45 0:00
Robert Hagg 0 1 1 1 0 2 1 4 1 0 0/0 27:25 3:32 0:55
Ronan Seeley 0 0 0 -2 0 0 1 1 0 0 0/0 14:02 0:03 0:15
Ross Colton 1 1 2 1 0 6 3 0 0 1 16/27 19:52 3:17 0:58
Samuel Knazko 0 0 0 -2 0 0 1 0 0 1 0/0 14:31 0:00 1:04
Scott Reedy 0 0 0 -1 0 0 1 0 1 0 2/4 8:56 0:00 0:00
Walker Duehr 0 0 0 -1 0 3 0 0 2 0 0/0 14:32 0:00 0:00
3 Stars
1 - Ross Colton (TRR)
2 - Eetu Makiniemi (KEL)
3 - Matt Nieto (TRR)
Power Play
Kelowna Rockets - 0 on 1 Attempt(s) - 0.00%
Tucson Roadrunners - 2 on 6 Attempt(s) - 33.33%
Penalty Kill
Kelowna Rockets - 4 on 6 Attempt(s) - 66.67%
- Score 0 goal in Penalty Kill
Tucson Roadrunners - 1 on 1 Attempt(s) - 100.00%
- Score 0 goal in Penalty Kill
Team Stat
Kelowna Rockets - Hits : 17 - Faceoff Wins : 32 - Blocked Shots : 10 - Penalty Minutes : 17
Tucson Roadrunners - Hits : 22 - Faceoff Wins : 38 - Blocked Shots : 9 - Penalty Minutes : 7
Official
Referees : Jacob Brenk and Dean Morton
Linesman : Vaughan Rody and Andy McElman
Game Notes
Nicolas Petan and Roby Jarventie fight to a draw at 1:05 of 2nd period
10:33 of 3rd period - Kelowna Rockets goal is going for a video replay. After video review, No Goal. The attacking player has interfered with a goalkeeper in his goal crease.
Kelowna Rockets
5 vs 5 Forward
Center Left Wing Right Wing Time % Phy DF OF
1 Riley Nash Matias Maccelli Joel Kiviranta 30 1 2 2
2 Jack Drury Bobby McMann Jacob Perreault 30 1 2 2
3 Connor Zary Roby Jarventie Nicholas Caamano 25 1 2 2
4 Mavrik Bourque Riley Nash Matias Maccelli 15 1 2 2
5 vs 5 Defense
Defense Defense Time % Phy DF OF
1 Maxence Guenette Anttoni Honka 30 1 2 2
2 Lucas Johansen Oskari Laaksonen 30 1 2 2
3 Eemil Viro Kim Nousiainen 25 1 2 2
4 Maxence Guenette Anttoni Honka 15 1 2 2
PowerPlay Forward
Center Left Wing Right Wing Time % Phy DF OF
1 Riley Nash Matias Maccelli Joel Kiviranta 50 1 2 2
2 Jack Drury Bobby McMann Jacob Perreault 50 1 2 2
PowerPlay Defense
Defense Defense Time % Phy DF OF
1 Maxence Guenette Anttoni Honka 50 1 2 2
2 Lucas Johansen Oskari Laaksonen 50 1 2 2
Penalty Kill 4 Players Forward
Center Wing Time % Phy DF OF
1 Riley Nash Matias Maccelli 50 1 2 2
2 Joel Kiviranta Bobby McMann 50 1 2 2
Penalty Kill 4 Players Defense
Defense Defense Time % Phy DF OF
1 Maxence Guenette Anttoni Honka 50 1 2 2
2 Lucas Johansen Oskari Laaksonen 50 1 2 2
Penalty Kill - 3 Players Forward
Forward Time % Phy DF OF
1 Riley Nash 50 1 2 2
2 Matias Maccelli 50 1 2 2
Penalty Kill - 3 Players Defense
Defense Defense Time % Phy DF OF
1 Maxence Guenette Anttoni Honka 50 1 2 2
2 Lucas Johansen Oskari Laaksonen 50 1 2 2
4 vs 4 Forward
Center Wing Time % Phy DF OF
1 Riley Nash Matias Maccelli 50 1 2 2
2 Joel Kiviranta Bobby McMann 50 1 2 2
4 vs 4 Defense
Defense Defense Time % Phy DF OF
1 Maxence Guenette Anttoni Honka 50 1 2 2
2 Lucas Johansen Oskari Laaksonen 50 1 2 2
Last Minutes Offensive
Center Left Wing Right Wing Defense Defense
Riley Nash Matias Maccelli Joel Kiviranta Maxence Guenette Anttoni Honka
Last Minutes Defensive
Center Left Wing Right Wing Defense Defense
Riley Nash Matias Maccelli Joel Kiviranta Maxence Guenette Anttoni Honka
Goaltenders
Starting : Eetu Makiniemi
Backup : Arvid Holm
Extra Forwards
Normal : Jasper Weatherby, Henri Nikkanen, Roby Jarventie - PP : Jasper Weatherby, Henri Nikkanen - PK : Roby Jarventie
Extra Defensemen
Normal : Eemil Viro, Kim Nousiainen, Lucas Johansen - PP : Eemil Viro - PK : Kim Nousiainen, Lucas Johansen
Penalty Shots
Riley Nash, Matias Maccelli, Joel Kiviranta, Bobby McMann, Roby Jarventie
Tucson Roadrunners
5 vs 5 Forward
Center Left Wing Right Wing Time % Phy DF OF
1 Ross Colton Matt Nieto Brock McGinn 30 1 2 2
2 Mark Jankowski Nicolas Petan Logan Shaw 30 1 2 2
3 Benjamin Jones Anthony Richard Walker Duehr 25 1 2 2
4 Scott Reedy Marian Studenic Fabian Lysell 15 1 2 2
5 vs 5 Defense
Defense Defense Time % Phy DF OF
1 Carson Soucy Robert Hagg 30 1 2 2
2 Johnathan Kovacevic Nick Seeler 30 1 2 2
3 Ronan Seeley Samuel Knazko 25 1 2 2
4 Carson Soucy Robert Hagg 15 1 2 2
PowerPlay Forward
Center Left Wing Right Wing Time % Phy DF OF
1 Ross Colton Matt Nieto Brock McGinn 50 1 2 2
2 Mark Jankowski Nicolas Petan Logan Shaw 50 1 2 2
PowerPlay Defense
Defense Defense Time % Phy DF OF
1 Carson Soucy Robert Hagg 50 1 2 2
2 Johnathan Kovacevic Nick Seeler 50 1 2 2
Penalty Kill 4 Players Forward
Center Wing Time % Phy DF OF
1 Ross Colton Matt Nieto 50 1 2 2
2 Brock McGinn Mark Jankowski 50 1 2 2
Penalty Kill 4 Players Defense
Defense Defense Time % Phy DF OF
1 Carson Soucy Robert Hagg 50 1 2 2
2 Johnathan Kovacevic Nick Seeler 50 1 2 2
Penalty Kill - 3 Players Forward
Forward Time % Phy DF OF
1 Ross Colton 50 1 2 2
2 Matt Nieto 50 1 2 2
Penalty Kill - 3 Players Defense
Defense Defense Time % Phy DF OF
1 Carson Soucy Robert Hagg 50 1 2 2
2 Johnathan Kovacevic Nick Seeler 50 1 2 2
4 vs 4 Forward
Center Wing Time % Phy DF OF
1 Ross Colton Matt Nieto 50 1 2 2
2 Brock McGinn Mark Jankowski 50 1 2 2
4 vs 4 Defense
Defense Defense Time % Phy DF OF
1 Carson Soucy Robert Hagg 50 1 2 2
2 Johnathan Kovacevic Nick Seeler 50 1 2 2
Last Minutes Offensive
Center Left Wing Right Wing Defense Defense
Ross Colton Matt Nieto Brock McGinn Carson Soucy Robert Hagg
Last Minutes Defensive
Center Left Wing Right Wing Defense Defense
Ross Colton Matt Nieto Brock McGinn Carson Soucy Robert Hagg
Goaltenders
Starting : Elvis Merzlikins
Backup : Kaapo Kahkonen
Extra Forwards
Normal : Benjamin Jones, Anthony Richard, Walker Duehr - PP : Benjamin Jones, Anthony Richard - PK : Walker Duehr
Extra Defensemen
Normal : Ronan Seeley, Samuel Knazko, Johnathan Kovacevic - PP : Ronan Seeley - PK : Samuel Knazko, Johnathan Kovacevic
Penalty Shots
Ross Colton, Matt Nieto, Brock McGinn, Mark Jankowski, Nicolas Petan
% Time on Ice - Kelowna Rockets
Lines # - Real PCT - Wanted PCT - Time Play
Normal Forward
1 - 27% - 30% - 13:45
2 - 30% - 30% - 15:21
3 - 28% - 25% - 14:28
4 - 15% - 15% - 7:25
Normal Defense
1 - 28% - 30% - 14:25
2 - 31% - 30% - 15:45
3 - 28% - 25% - 14:21
4 - 13% - 15% - 6:28
PP Forward
1 - 50% - 50% - 1:00
2 - 50% - 50% - 0:59
PP Defense
1 - 71% - 50% - 1:25
2 - 29% - 50% - 0:34
PK Forward
1 - 51% - 50% - 3:35
2 - 49% - 50% - 3:27
PK Defense
1 - 48% - 50% - 3:22
2 - 52% - 50% - 3:40
PK3 Forward
1 - 52% - 50% - 0:33
2 - 48% - 50% - 0:31
PK3 Defense
1 - 20% - 50% - 0:13
2 - 80% - 50% - 0:51
44 Forward
1 - 45% - 50% - 0:25
2 - 55% - 50% - 0:31
44 Defense
1 - 88% - 50% - 0:49
2 - 13% - 50% - 0:07
Last Minute Offensive - 0:00
Last Minute Defensive - 0:00
Total
Forward - 62:00
Defense - 62:00
|
% Time on Ice - Tucson Roadrunners
Lines # - Real PCT - Wanted PCT - Time Play
Normal Forward
1 - 28% - 30% - 14:15
2 - 26% - 30% - 13:16
3 - 29% - 25% - 14:32
4 - 18% - 15% - 8:56
Normal Defense
1 - 31% - 30% - 15:34
2 - 32% - 30% - 16:08
3 - 26% - 25% - 13:14
4 - 12% - 15% - 6:03
PP Forward
1 - 47% - 50% - 3:17
2 - 53% - 50% - 3:45
PP Defense
1 - 50% - 50% - 3:32
2 - 50% - 50% - 3:30
PK Forward
1 - 49% - 50% - 0:58
2 - 51% - 50% - 1:01
PK Defense
1 - 46% - 50% - 0:55
2 - 54% - 50% - 1:04
PK3 Forward
1 - 0% - 50%
2 - 0% - 50%
PK3 Defense
1 - 0% - 50%
2 - 0% - 50%
44 Forward
1 - 68% - 50% - 1:22
2 - 32% - 50% - 0:38
44 Defense
1 - 68% - 50% - 1:21
2 - 33% - 50% - 0:39
Last Minute Offensive - 0:00
Last Minute Defensive - 0:00
Total
Forward - 62:00
Defense - 62:00
|
Play-by-Play
1st period
0:01 of 1st period - Riley Nash wins face-off versus Matt Nieto in neutral zone.
0:04 of 1st period - Wrist shot by Matias Maccelli.
0:04 of 1st period - Stopped by Elvis Merzlikins without a rebound.
0:05 of 1st period - Riley Nash wins face-off versus Ross Colton in Tucson Roadrunners zone.
1:00 of 1st period - Wrist shot by Connor Zary.
1:00 of 1st period - Stopped by Elvis Merzlikins with a rebound.
1:18 of 1st period - Snap shot by Fabian Lysell.
1:18 of 1st period - Stopped by Eetu Makiniemi with a rebound.
1:38 of 1st period - Wrist shot by Ross Colton.
1:38 of 1st period - Stopped by Eetu Makiniemi with a rebound.
2:31 of 1st period - Minor Penalty to Matias Maccelli for Holding.
2:32 of 1st period - Joel Kiviranta wins face-off versus Brock McGinn in Kelowna Rockets zone.
2:32 of 1st period - Joel Kiviranta is hit by Ross Colton.
2:58 of 1st period - Robert Hagg is hit by Roby Jarventie and loses puck.
4:31 of 1st period - Penalty to Matias Maccelli is over, Matias Maccelli is back on ice.
4:33 of 1st period - Ronan Seeley is hit by Bobby McMann and loses puck.
5:00 of 1st period - Snap shot by Anthony Richard.
5:00 of 1st period - Stopped by Eetu Makiniemi without a rebound.
5:01 of 1st period - Benjamin Jones wins face-off versus Mavrik Bourque in Kelowna Rockets zone.
5:08 of 1st period - Snap shot by Benjamin Jones.
5:08 of 1st period - Stopped by Eetu Makiniemi with a rebound.
5:28 of 1st period - Wrist shot by Fabian Lysell.
5:28 of 1st period - Stopped by Eetu Makiniemi without a rebound.
5:29 of 1st period - Jack Drury wins face-off versus Scott Reedy in Kelowna Rockets zone.
5:54 of 1st period - Snap shot by Matias Maccelli.
5:54 of 1st period - Shot Misses the Net.
5:56 of 1st period - Snap shot by Riley Nash.
5:56 of 1st period - Goal by Riley Nash - Kelowna Rockets : 1 - Tucson Roadrunners : 0.
5:57 of 1st period - Riley Nash wins face-off versus Mark Jankowski in neutral zone.
6:00 of 1st period - Slapshot by Riley Nash.
6:00 of 1st period - Stopped by Elvis Merzlikins without a rebound.
6:01 of 1st period - Mark Jankowski wins face-off versus Riley Nash in Tucson Roadrunners zone.
6:06 of 1st period - Riley Nash is hit by Carson Soucy.
6:12 of 1st period - Nicolas Petan is hit by Riley Nash and loses puck.
6:29 of 1st period - Slapshot by Jack Drury.
6:29 of 1st period - Shot Blocked by Robert Hagg.
6:33 of 1st period - Wrist shot by Jack Drury.
6:33 of 1st period - Shot Misses the Net.
6:35 of 1st period - Wrist shot by Jack Drury.
6:35 of 1st period - Shot Misses the Net.
6:37 of 1st period - Snap shot by Bobby McMann.
6:37 of 1st period - Shot Misses the Net.
6:39 of 1st period - Snap shot by Bobby McMann.
6:39 of 1st period - Stopped by Elvis Merzlikins without a rebound.
6:40 of 1st period - Ross Colton wins face-off versus Riley Nash in Tucson Roadrunners zone.
6:45 of 1st period - Snap shot by Matt Nieto.
6:45 of 1st period - Shot Misses the Net.
8:24 of 1st period - Snap shot by Anthony Richard.
8:24 of 1st period - Stopped by Eetu Makiniemi without a rebound.
8:25 of 1st period - Mavrik Bourque wins face-off versus Anthony Richard in Kelowna Rockets zone.
8:30 of 1st period - Wrist shot by Anthony Richard.
8:30 of 1st period - Shot Misses the Net.
8:32 of 1st period - Slapshot by Nick Seeler.
8:32 of 1st period - Shot Misses the Net.
9:20 of 1st period - Slapshot by Brock McGinn.
9:20 of 1st period - Shot Misses the Net.
9:22 of 1st period - Slapshot by Robert Hagg.
9:22 of 1st period - Shot Blocked by Matias Maccelli.
9:40 of 1st period - Snap shot by Bobby McMann.
9:40 of 1st period - Shot Misses the Net.
9:42 of 1st period - Slapshot by Lucas Johansen.
9:42 of 1st period - Shot Misses the Net.
9:55 of 1st period - Minor Penalty to Connor Zary for Slashing.
9:56 of 1st period - Mark Jankowski wins face-off versus Joel Kiviranta in Kelowna Rockets zone.
10:04 of 1st period - Wrist shot by Nicolas Petan.
10:04 of 1st period - Deflect By Mark Jankowski.
10:04 of 1st period - Goal by Mark Jankowski - Kelowna Rockets : 1 - Tucson Roadrunners : 1.
10:05 of 1st period - Matt Nieto wins face-off versus Riley Nash in neutral zone.
11:14 of 1st period - Nick Seeler is hit by Riley Nash.
11:38 of 1st period - Jack Drury is hit by Fabian Lysell and loses puck.
12:13 of 1st period - Snap shot by Walker Duehr.
12:13 of 1st period - Shot Misses the Net.
13:32 of 1st period - Snap shot by Marian Studenic.
13:32 of 1st period - Stopped by Eetu Makiniemi with a rebound.
13:38 of 1st period - Oskari Laaksonen is hit by Fabian Lysell and loses puck.
14:22 of 1st period - Bobby McMann is hit by Mark Jankowski and loses puck.
14:54 of 1st period - Snap shot by Bobby McMann.
14:54 of 1st period - Shot Misses the Net.
15:12 of 1st period - Slapshot by Logan Shaw.
15:12 of 1st period - Stopped by Eetu Makiniemi without a rebound.
15:13 of 1st period - Ross Colton wins face-off versus Connor Zary in Kelowna Rockets zone.
15:14 of 1st period - Wrist shot by Brock McGinn.
15:14 of 1st period - Stopped by Eetu Makiniemi without a rebound.
15:15 of 1st period - Connor Zary wins face-off versus Ross Colton in Kelowna Rockets zone.
15:27 of 1st period - Off-side.
15:28 of 1st period - Ross Colton wins face-off versus Riley Nash in neutral zone.
15:33 of 1st period - Riley Nash is hit by Robert Hagg and loses puck.
15:44 of 1st period - Matias Maccelli is hit by Carson Soucy and loses puck.
16:01 of 1st period - Slapshot by Connor Zary.
16:01 of 1st period - Shot Misses the Net.
16:24 of 1st period - Snap shot by Nicolas Petan.
16:24 of 1st period - Shot Blocked by Bobby McMann.
16:28 of 1st period - Snap shot by Nicolas Petan.
16:28 of 1st period - Shot Blocked by Oskari Laaksonen.
16:48 of 1st period - Riley Nash is hit by Fabian Lysell and loses puck.
17:37 of 1st period - Wrist shot by Logan Shaw.
17:37 of 1st period - Shot Misses the Net.
17:46 of 1st period - Off-side.
17:47 of 1st period - Benjamin Jones wins face-off versus Riley Nash in neutral zone.
18:00 of 1st period - Snap shot by Matias Maccelli.
18:00 of 1st period - Stopped by Elvis Merzlikins without a rebound.
18:01 of 1st period - Ross Colton wins face-off versus Riley Nash in Tucson Roadrunners zone.
18:35 of 1st period - Jack Drury is hit by Nicolas Petan and loses puck.
18:42 of 1st period - Wrist shot by Logan Shaw.
18:42 of 1st period - Stopped by Eetu Makiniemi without a rebound.
18:43 of 1st period - Connor Zary wins face-off versus Anthony Richard in Kelowna Rockets zone.
18:48 of 1st period - Backhand shot by Roby Jarventie.
18:48 of 1st period - Stopped by Elvis Merzlikins with a rebound.
18:54 of 1st period - Slapshot by Connor Zary.
18:54 of 1st period - Stopped by Elvis Merzlikins with a rebound.
18:56 of 1st period - Slapshot by Oskari Laaksonen.
18:56 of 1st period - Stopped by Elvis Merzlikins with a rebound.
18:58 of 1st period - Wrist shot by Roby Jarventie.
18:58 of 1st period - Stopped by Elvis Merzlikins with a rebound.
19:08 of 1st period - Carson Soucy is hit by Oskari Laaksonen and loses puck.
19:35 of 1st period - Robert Hagg is hit by Jacob Perreault and loses puck.
19:46 of 1st period - Snap shot by Matias Maccelli.
19:46 of 1st period - Stopped by Elvis Merzlikins with a rebound.
19:54 of 1st period - Slapshot by Robert Hagg.
19:54 of 1st period - Stopped by Eetu Makiniemi with a rebound.
Goals for this period are 1 for Kelowna Rockets vs 1 for Tucson Roadrunners.
Shots for this period are 11 for Kelowna Rockets vs 12 for Tucson Roadrunners.
2nd period
0:01 of 2nd period - Ross Colton wins face-off versus Riley Nash in neutral zone.
0:04 of 2nd period - Wrist shot by Brock McGinn.
0:04 of 2nd period - Stopped by Eetu Makiniemi without a rebound.
0:05 of 2nd period - Ross Colton wins face-off versus Riley Nash in Kelowna Rockets zone.
0:09 of 2nd period - Snap shot by Ross Colton.
0:09 of 2nd period - Stopped by Eetu Makiniemi with a rebound.
0:16 of 2nd period - Minor Penalty to Riley Nash for Holding Stick.
0:17 of 2nd period - Ross Colton wins face-off versus Joel Kiviranta in Kelowna Rockets zone.
0:17 of 2nd period - Wrist shot by Matt Nieto.
0:17 of 2nd period - Goal by Matt Nieto - Kelowna Rockets : 1 - Tucson Roadrunners : 2.
0:18 of 2nd period - Riley Nash wins face-off versus Benjamin Jones in neutral zone.
1:04 of 2nd period - Slapshot by Nicolas Petan.
1:04 of 2nd period - Stopped by Eetu Makiniemi without a rebound.
1:05 of 2nd period - Mark Jankowski wins face-off versus Roby Jarventie in Kelowna Rockets zone.
1:05 of 2nd period - Nicolas Petan and Roby Jarventie fight to a draw.
1:05 of 2nd period - Penalty to Nicolas Petan for Fighting.
1:05 of 2nd period - Penalty to Roby Jarventie for Fighting.
1:06 of 2nd period - Mark Jankowski wins face-off versus Riley Nash in Kelowna Rockets zone.
1:12 of 2nd period - Off-side.
1:13 of 2nd period - Logan Shaw wins face-off versus Joel Kiviranta in neutral zone.
1:21 of 2nd period - Snap shot by Riley Nash.
1:21 of 2nd period - Stopped by Elvis Merzlikins without a rebound.
1:22 of 2nd period - Riley Nash wins face-off versus Ross Colton in Tucson Roadrunners zone.
1:33 of 2nd period - Snap shot by Matias Maccelli.
1:33 of 2nd period - Shot Blocked by Brock McGinn.
1:35 of 2nd period - Slapshot by Maxence Guenette.
1:35 of 2nd period - Deflect By Riley Nash.
1:35 of 2nd period - Shot Blocked by Carson Soucy.
1:35 of 2nd period - Puck is out of play.
1:36 of 2nd period - Benjamin Jones wins face-off versus Bobby McMann in Tucson Roadrunners zone.
1:50 of 2nd period - Snap shot by Anthony Richard.
1:50 of 2nd period - Shot Misses the Net.
1:52 of 2nd period - Snap shot by Walker Duehr.
1:52 of 2nd period - Stopped by Eetu Makiniemi with a rebound.
2:02 of 2nd period - Nick Seeler is hit by Matias Maccelli and loses puck.
2:48 of 2nd period - Snap shot by Anthony Richard.
2:48 of 2nd period - Stopped by Eetu Makiniemi without a rebound.
2:49 of 2nd period - Benjamin Jones wins face-off versus Jacob Perreault in Kelowna Rockets zone.
2:50 of 2nd period - Wrist shot by Anthony Richard.
2:50 of 2nd period - Stopped by Eetu Makiniemi without a rebound.
2:51 of 2nd period - Jack Drury wins face-off versus Ross Colton in Kelowna Rockets zone.
3:04 of 2nd period - Slapshot by Ross Colton.
3:04 of 2nd period - Shot Misses the Net.
3:06 of 2nd period - Snap shot by Ross Colton.
3:06 of 2nd period - Shot Misses the Net.
3:40 of 2nd period - Slapshot by Fabian Lysell.
3:40 of 2nd period - Stopped by Eetu Makiniemi with a rebound.
4:00 of 2nd period - Slapshot by Walker Duehr.
4:00 of 2nd period - Stopped by Eetu Makiniemi with a rebound.
4:02 of 2nd period - Wrist shot by Walker Duehr.
4:02 of 2nd period - Stopped by Eetu Makiniemi with a rebound.
4:04 of 2nd period - Slapshot by Anthony Richard.
4:04 of 2nd period - Stopped by Eetu Makiniemi with a rebound.
4:22 of 2nd period - Snap shot by Riley Nash.
4:22 of 2nd period - Deflect By Matias Maccelli.
4:22 of 2nd period - Stopped by Elvis Merzlikins with a rebound.
4:32 of 2nd period - Connor Zary is hit by Carson Soucy and loses puck.
4:45 of 2nd period - Carson Soucy is hit by Jack Drury and loses puck.
5:00 of 2nd period - Mark Jankowski is hit by Maxence Guenette.
5:40 of 2nd period - Wrist shot by Marian Studenic.
5:40 of 2nd period - Shot Misses the Net.
5:42 of 2nd period - Snap shot by Marian Studenic.
5:42 of 2nd period - Stopped by Eetu Makiniemi without a rebound.
5:43 of 2nd period - Scott Reedy wins face-off versus Connor Zary in Kelowna Rockets zone.
5:44 of 2nd period - Snap shot by Marian Studenic.
5:44 of 2nd period - Shot Blocked by Connor Zary.
6:04 of 2nd period - Snap shot by Ross Colton.
6:04 of 2nd period - Stopped by Eetu Makiniemi with a rebound.
6:10 of 2nd period - Matt Nieto is hit by Jack Drury and loses puck.
6:38 of 2nd period - Icing by Walker Duehr.
6:39 of 2nd period - Connor Zary wins face-off versus Mark Jankowski in Tucson Roadrunners zone.
6:54 of 2nd period - Snap shot by Logan Shaw.
6:54 of 2nd period - Stopped by Eetu Makiniemi with a rebound.
7:15 of 2nd period - Snap shot by Riley Nash.
7:15 of 2nd period - Stopped by Elvis Merzlikins with a rebound.
7:27 of 2nd period - Bobby McMann is hit by Samuel Knazko and loses puck.
8:18 of 2nd period - Bobby McMann is hit by Fabian Lysell and loses puck.
8:48 of 2nd period - Nicholas Caamano is hit by Carson Soucy and loses puck.
8:56 of 2nd period - Off-side.
8:57 of 2nd period - Ross Colton wins face-off versus Nicholas Caamano in neutral zone.
9:37 of 2nd period - Ronan Seeley is hit by Nicholas Caamano and loses puck.
10:05 of 2nd period - Snap shot by Anthony Richard.
10:05 of 2nd period - Shot Misses the Net.
10:13 of 2nd period - Snap shot by Anthony Richard.
10:13 of 2nd period - Shot Misses the Net.
10:15 of 2nd period - Slapshot by Nick Seeler.
10:15 of 2nd period - Shot Misses the Net.
10:40 of 2nd period - Benjamin Jones is hit by Nicholas Caamano.
10:48 of 2nd period - Wrist shot by Roby Jarventie.
10:48 of 2nd period - Shot Misses the Net.
11:06 of 2nd period - Snap shot by Anthony Richard.
11:06 of 2nd period - Stopped by Eetu Makiniemi with a rebound.
11:19 of 2nd period - Minor Penalty to Nick Seeler for Roughing.
11:20 of 2nd period - Riley Nash wins face-off versus Ross Colton in Tucson Roadrunners zone.
11:20 of 2nd period - Snap shot by Matias Maccelli.
11:20 of 2nd period - Shot Misses the Net.
11:22 of 2nd period - Snap shot by Riley Nash.
11:22 of 2nd period - Shot Blocked by Robert Hagg.
12:04 of 2nd period - Maxence Guenette is hit by Johnathan Kovacevic and loses puck.
13:02 of 2nd period - Icing by Maxence Guenette.
13:03 of 2nd period - Riley Nash wins face-off versus Brock McGinn in Kelowna Rockets zone.
13:19 of 2nd period - Penalty to Nick Seeler is over, Nick Seeler is back on ice.
13:27 of 2nd period - Backhand shot by Matt Nieto.
13:27 of 2nd period - Shot Misses the Net.
13:29 of 2nd period - Snap shot by Matt Nieto.
13:29 of 2nd period - Shot Blocked by Anttoni Honka.
13:31 of 2nd period - Snap shot by Ross Colton.
13:31 of 2nd period - Stopped by Eetu Makiniemi without a rebound.
13:32 of 2nd period - Scott Reedy wins face-off versus Mavrik Bourque in Kelowna Rockets zone.
13:45 of 2nd period - Wrist shot by Fabian Lysell.
13:45 of 2nd period - Shot Misses the Net.
14:15 of 2nd period - Slapshot by Matias Maccelli.
14:15 of 2nd period - Shot Misses the Net.
14:17 of 2nd period - Snap shot by Mavrik Bourque.
14:17 of 2nd period - Stopped by Elvis Merzlikins without a rebound.
14:18 of 2nd period - Mark Jankowski wins face-off versus Jack Drury in Tucson Roadrunners zone.
14:33 of 2nd period - Snap shot by Jacob Perreault.
14:33 of 2nd period - Shot Misses the Net.
15:59 of 2nd period - Lucas Johansen is hit by Scott Reedy and loses puck.
16:28 of 2nd period - Oskari Laaksonen is hit by Ross Colton and loses puck.
17:04 of 2nd period - Off-side.
17:05 of 2nd period - Mark Jankowski wins face-off versus Mavrik Bourque in neutral zone.
17:44 of 2nd period - Wrist shot by Roby Jarventie.
17:44 of 2nd period - Stopped by Elvis Merzlikins without a rebound.
17:45 of 2nd period - Riley Nash wins face-off versus Benjamin Jones in Tucson Roadrunners zone.
17:52 of 2nd period - Slapshot by Robert Hagg.
17:52 of 2nd period - Stopped by Eetu Makiniemi without a rebound.
17:53 of 2nd period - Mark Jankowski wins face-off versus Riley Nash in Kelowna Rockets zone.
17:56 of 2nd period - Snap shot by Logan Shaw.
17:56 of 2nd period - Shot Hit the Post.
17:58 of 2nd period - Slapshot by Robert Hagg.
17:58 of 2nd period - Shot Misses the Net.
18:00 of 2nd period - Snap shot by Carson Soucy.
18:00 of 2nd period - Deflect By Matias Maccelli.
18:00 of 2nd period - Stopped by Eetu Makiniemi with a rebound.
18:02 of 2nd period - Snap shot by Logan Shaw.
18:02 of 2nd period - Stopped by Eetu Makiniemi with a rebound.
18:04 of 2nd period - Snap shot by Carson Soucy.
18:04 of 2nd period - Deflect By Mark Jankowski.
18:04 of 2nd period - Stopped by Eetu Makiniemi without a rebound.
18:05 of 2nd period - Riley Nash wins face-off versus Mark Jankowski in Kelowna Rockets zone.
18:31 of 2nd period - Carson Soucy is hit by Bobby McMann.
18:39 of 2nd period - Wrist shot by Jack Drury.
18:39 of 2nd period - Shot Blocked by Robert Hagg.
19:07 of 2nd period - Snap shot by Benjamin Jones.
19:07 of 2nd period - Stopped by Eetu Makiniemi with a rebound.
19:19 of 2nd period - Snap shot by Matias Maccelli.
19:19 of 2nd period - Shot Blocked by Fabian Lysell.
19:21 of 2nd period - Slapshot by Kim Nousiainen.
19:21 of 2nd period - Stopped by Elvis Merzlikins without a rebound.
19:22 of 2nd period - Riley Nash wins face-off versus Mark Jankowski in Tucson Roadrunners zone.
19:47 of 2nd period - Matt Nieto is hit by Anttoni Honka and loses puck.
Goals for this period are 0 for Kelowna Rockets vs 1 for Tucson Roadrunners.
Shots for this period are 6 for Kelowna Rockets vs 21 for Tucson Roadrunners.
3rd period
0:01 of 3rd period - Mark Jankowski wins face-off versus Riley Nash in neutral zone.
0:30 of 3rd period - Off-side.
0:31 of 3rd period - Ross Colton wins face-off versus Jack Drury in neutral zone.
0:34 of 3rd period - Jacob Perreault is hit by Matt Nieto and loses puck.
0:41 of 3rd period - Snap shot by Brock McGinn.
0:41 of 3rd period - Stopped by Eetu Makiniemi without a rebound.
0:42 of 3rd period - Riley Nash wins face-off versus Mark Jankowski in Kelowna Rockets zone.
0:47 of 3rd period - Snap shot by Logan Shaw.
0:47 of 3rd period - Stopped by Eetu Makiniemi without a rebound.
0:48 of 3rd period - Mark Jankowski wins face-off versus Matias Maccelli in Kelowna Rockets zone.
0:53 of 3rd period - Wrist shot by Logan Shaw.
0:53 of 3rd period - Stopped by Eetu Makiniemi with a rebound.
0:55 of 3rd period - Slapshot by Logan Shaw.
0:55 of 3rd period - Shot Blocked by Riley Nash.
0:57 of 3rd period - Slapshot by Carson Soucy.
0:57 of 3rd period - Stopped by Eetu Makiniemi with a rebound.
0:59 of 3rd period - Slapshot by Robert Hagg.
0:59 of 3rd period - Shot Misses the Net.
1:01 of 3rd period - Slapshot by Mark Jankowski.
1:01 of 3rd period - Shot Misses the Net.
1:03 of 3rd period - Wrist shot by Mark Jankowski.
1:03 of 3rd period - Stopped by Eetu Makiniemi with a rebound.
1:20 of 3rd period - Maxence Guenette is hit by Carson Soucy and loses puck.
1:29 of 3rd period - Minor Penalty to Bobby McMann for Hooking.
1:30 of 3rd period - Ross Colton wins face-off versus Joel Kiviranta in Kelowna Rockets zone.
1:33 of 3rd period - Slapshot by Matt Nieto.
1:33 of 3rd period - Shot Blocked by Lucas Johansen.
1:35 of 3rd period - Snap shot by Johnathan Kovacevic.
1:35 of 3rd period - Stopped by Eetu Makiniemi with a rebound.
1:37 of 3rd period - Snap shot by Nick Seeler.
1:37 of 3rd period - Stopped by Eetu Makiniemi without a rebound.
1:38 of 3rd period - Ross Colton wins face-off versus Joel Kiviranta in Kelowna Rockets zone.
3:29 of 3rd period - Penalty to Bobby McMann is over, Bobby McMann is back on ice.
3:36 of 3rd period - Scott Reedy is hit by Kim Nousiainen and loses puck.
3:41 of 3rd period - Slapshot by Jack Drury.
3:41 of 3rd period - Stopped by Elvis Merzlikins without a rebound.
3:42 of 3rd period - Jacob Perreault wins face-off versus Benjamin Jones in Tucson Roadrunners zone.
3:49 of 3rd period - Snap shot by Jack Drury.
3:49 of 3rd period - Shot Misses the Net.
3:51 of 3rd period - Snap shot by Kim Nousiainen.
3:51 of 3rd period - Stopped by Elvis Merzlikins with a rebound.
3:53 of 3rd period - Slapshot by Eemil Viro.
3:53 of 3rd period - Shot Blocked by Ronan Seeley.
3:55 of 3rd period - Snap shot by Jacob Perreault.
3:55 of 3rd period - Goal by Jacob Perreault - Kelowna Rockets : 2 - Tucson Roadrunners : 2.
3:56 of 3rd period - Mark Jankowski wins face-off versus Riley Nash in neutral zone.
4:28 of 3rd period - Snap shot by Ross Colton.
4:28 of 3rd period - Shot Misses the Net.
4:44 of 3rd period - Wrist shot by Benjamin Jones.
4:44 of 3rd period - Stopped by Eetu Makiniemi without a rebound.
4:45 of 3rd period - Mark Jankowski wins face-off versus Connor Zary in Kelowna Rockets zone.
4:48 of 3rd period - Slapshot by Nicolas Petan.
4:48 of 3rd period - Stopped by Eetu Makiniemi without a rebound.
4:49 of 3rd period - Riley Nash wins face-off versus Mark Jankowski in Kelowna Rockets zone.
5:42 of 3rd period - Snap shot by Nicolas Petan.
5:42 of 3rd period - Stopped by Eetu Makiniemi with a rebound.
5:47 of 3rd period - Icing by Jacob Perreault.
5:48 of 3rd period - Ross Colton wins face-off versus Jack Drury in Kelowna Rockets zone.
6:03 of 3rd period - Snap shot by Ross Colton.
6:03 of 3rd period - Stopped by Eetu Makiniemi with a rebound.
6:35 of 3rd period - Wrist shot by Nicholas Caamano.
6:35 of 3rd period - Shot Misses the Net.
7:21 of 3rd period - Wrist shot by Anthony Richard.
7:21 of 3rd period - Stopped by Eetu Makiniemi with a rebound.
8:36 of 3rd period - Eemil Viro is hit by Anthony Richard and loses puck.
9:45 of 3rd period - Snap shot by Jasper Weatherby.
9:45 of 3rd period - Shot Misses the Net.
10:27 of 3rd period - Slapshot by Joel Kiviranta.
10:27 of 3rd period - Deflect By Jasper Weatherby.
10:27 of 3rd period - Shot Hit the Post.
10:27 of 3rd period - Puck is out of play.
10:28 of 3rd period - Mavrik Bourque wins face-off versus Ross Colton in Tucson Roadrunners zone.
10:29 of 3rd period - Snap shot by Matias Maccelli.
10:29 of 3rd period - Stopped by Elvis Merzlikins with a rebound.
10:31 of 3rd period - Snap shot by Matias Maccelli.
10:31 of 3rd period - Shot Misses the Net.
10:33 of 3rd period - Slapshot by Mavrik Bourque.
10:33 of 3rd period - Kelowna Rockets goal is going for a video replay.
10:33 of 3rd period - The goal is refused. The attacking player has interfered with a goalkeeper in his goal crease..
10:34 of 3rd period - Riley Nash wins face-off versus Ross Colton in Tucson Roadrunners zone.
10:41 of 3rd period - Snap shot by Mavrik Bourque.
10:41 of 3rd period - Stopped by Elvis Merzlikins without a rebound.
10:42 of 3rd period - Mavrik Bourque wins face-off versus Ross Colton in Tucson Roadrunners zone.
10:45 of 3rd period - Wrist shot by Riley Nash.
10:45 of 3rd period - Stopped by Elvis Merzlikins without a rebound.
10:46 of 3rd period - Ross Colton wins face-off versus Mavrik Bourque in Tucson Roadrunners zone.
11:11 of 3rd period - Snap shot by Logan Shaw.
11:11 of 3rd period - Shot Blocked by Anttoni Honka.
11:13 of 3rd period - Slapshot by Samuel Knazko.
11:13 of 3rd period - Shot Hit the Post.
11:15 of 3rd period - Snap shot by Nicolas Petan.
11:15 of 3rd period - Stopped by Eetu Makiniemi with a rebound.
11:17 of 3rd period - Snap shot by Logan Shaw.
11:17 of 3rd period - Shot Blocked by Jack Drury.
11:19 of 3rd period - Wrist shot by Logan Shaw.
11:19 of 3rd period - Shot Hit the Post.
11:21 of 3rd period - Snap shot by Nicolas Petan.
11:21 of 3rd period - Deflect By Jack Drury.
11:21 of 3rd period - Stopped by Eetu Makiniemi with a rebound.
11:37 of 3rd period - Snap shot by Roby Jarventie.
11:37 of 3rd period - Stopped by Elvis Merzlikins with a rebound.
12:36 of 3rd period - Off-side.
12:37 of 3rd period - Roby Jarventie wins face-off versus Mark Jankowski in neutral zone.
13:06 of 3rd period - Snap shot by Matt Nieto.
13:06 of 3rd period - Stopped by Eetu Makiniemi with a rebound.
13:08 of 3rd period - Slapshot by Brock McGinn.
13:08 of 3rd period - Stopped by Eetu Makiniemi with a rebound.
13:24 of 3rd period - Jack Drury is hit by Benjamin Jones and loses puck.
13:37 of 3rd period - Snap shot by Fabian Lysell.
13:37 of 3rd period - Deflect By Marian Studenic.
13:37 of 3rd period - Stopped by Eetu Makiniemi without a rebound.
13:38 of 3rd period - Riley Nash wins face-off versus Scott Reedy in Kelowna Rockets zone.
14:05 of 3rd period - Wrist shot by Logan Shaw.
14:05 of 3rd period - Shot Misses the Net.
14:10 of 3rd period - Minor Penalty to Maxence Guenette for Cross-checking.
14:11 of 3rd period - Joel Kiviranta wins face-off versus Mark Jankowski in Kelowna Rockets zone.
15:17 of 3rd period - Icing by Mark Jankowski.
15:18 of 3rd period - Mark Jankowski wins face-off versus Joel Kiviranta in Tucson Roadrunners zone.
16:05 of 3rd period - Icing by Mark Jankowski.
16:06 of 3rd period - Riley Nash wins face-off versus Mark Jankowski in Tucson Roadrunners zone.
16:10 of 3rd period - Penalty to Maxence Guenette is over, Maxence Guenette is back on ice.
16:18 of 3rd period - Off-side.
16:19 of 3rd period - Connor Zary wins face-off versus Benjamin Jones in neutral zone.
16:22 of 3rd period - Wrist shot by Connor Zary.
16:22 of 3rd period - Shot Misses the Net.
16:34 of 3rd period - Slapshot by Benjamin Jones.
16:34 of 3rd period - Shot Misses the Net.
16:44 of 3rd period - Riley Nash is hit by Ronan Seeley and loses puck.
16:57 of 3rd period - Riley Nash is hit by Ross Colton and loses puck.
17:17 of 3rd period - Snap shot by Jack Drury.
17:17 of 3rd period - Stopped by Elvis Merzlikins with a rebound.
17:19 of 3rd period - Backhand shot by Maxence Guenette.
17:19 of 3rd period - Stopped by Elvis Merzlikins without a rebound.
17:20 of 3rd period - Connor Zary wins face-off versus Benjamin Jones in Tucson Roadrunners zone.
17:23 of 3rd period - Snap shot by Connor Zary.
17:23 of 3rd period - Shot Misses the Net.
17:55 of 3rd period - Wrist shot by Jack Drury.
17:55 of 3rd period - Stopped by Elvis Merzlikins without a rebound.
17:56 of 3rd period - Mavrik Bourque wins face-off versus Ross Colton in Tucson Roadrunners zone.
17:59 of 3rd period - Wrist shot by Matias Maccelli.
17:59 of 3rd period - Stopped by Elvis Merzlikins without a rebound.
18:00 of 3rd period - Ross Colton wins face-off versus Matias Maccelli in Tucson Roadrunners zone.
18:13 of 3rd period - Robert Hagg is hit by Maxence Guenette and loses puck.
18:30 of 3rd period - Snap shot by Jack Drury.
18:30 of 3rd period - Stopped by Elvis Merzlikins with a rebound.
18:32 of 3rd period - Slapshot by Anttoni Honka.
18:32 of 3rd period - Stopped by Elvis Merzlikins with a rebound.
18:34 of 3rd period - Snap shot by Bobby McMann.
18:34 of 3rd period - Shot Misses the Net.
18:52 of 3rd period - Wrist shot by Anthony Richard.
18:52 of 3rd period - Stopped by Eetu Makiniemi with a rebound.
18:54 of 3rd period - Snap shot by Walker Duehr.
18:54 of 3rd period - Shot Blocked by Lucas Johansen.
19:04 of 3rd period - Minor Penalty to Roby Jarventie for Hooking.
19:05 of 3rd period - Mark Jankowski wins face-off versus Joel Kiviranta in Kelowna Rockets zone.
19:30 of 3rd period - Ross Colton is hit by Maxence Guenette and loses puck.
Goals for this period are 1 for Kelowna Rockets vs 0 for Tucson Roadrunners.
Shots for this period are 14 for Kelowna Rockets vs 18 for Tucson Roadrunners.
Overtime #1
0:01 of 1st overtime period - Riley Nash wins face-off versus Ross Colton in neutral zone.
0:04 of 1st overtime period - Slapshot by Anttoni Honka.
0:04 of 1st overtime period - Shot Misses the Net.
0:06 of 1st overtime period - Slapshot by Maxence Guenette.
0:06 of 1st overtime period - Deflect By Riley Nash.
0:06 of 1st overtime period - Shot Blocked by Carson Soucy.
0:06 of 1st overtime period - Puck is out of play.
0:07 of 1st overtime period - Riley Nash wins face-off versus Ross Colton in Tucson Roadrunners zone.
0:10 of 1st overtime period - Snap shot by Riley Nash.
0:10 of 1st overtime period - Shot Misses the Net.
0:12 of 1st overtime period - Slapshot by Maxence Guenette.
0:12 of 1st overtime period - Deflect By Riley Nash.
0:12 of 1st overtime period - Shot Misses the Net.
0:12 of 1st overtime period - Puck is out of play.
0:13 of 1st overtime period - Brock McGinn wins face-off versus Matias Maccelli in Tucson Roadrunners zone.
0:18 of 1st overtime period - Backhand shot by Nick Seeler.
0:18 of 1st overtime period - Stopped by Eetu Makiniemi with a rebound.
1:04 of 1st overtime period - Penalty to Roby Jarventie is over, Roby Jarventie is back on ice.
1:08 of 1st overtime period - Snap shot by Riley Nash.
1:08 of 1st overtime period - Shot Misses the Net.
1:10 of 1st overtime period - Slapshot by Oskari Laaksonen.
1:10 of 1st overtime period - Deflect By Roby Jarventie.
1:10 of 1st overtime period - Shot Blocked by Robert Hagg.
1:10 of 1st overtime period - Puck is out of play.
1:11 of 1st overtime period - Ross Colton wins face-off versus Joel Kiviranta in Tucson Roadrunners zone.
1:21 of 1st overtime period - Icing by Robert Hagg.
1:22 of 1st overtime period - Ross Colton wins face-off versus Riley Nash in Tucson Roadrunners zone.
1:56 of 1st overtime period - Snap shot by Matt Nieto.
1:56 of 1st overtime period - Shot Misses the Net.
1:58 of 1st overtime period - Slapshot by Robert Hagg.
1:58 of 1st overtime period - Shot Hit the Post.
2:00 of 1st overtime period - Wrist shot by Matt Nieto.
2:00 of 1st overtime period - Deflect By Ross Colton.
2:00 of 1st overtime period - Goal by Ross Colton - Kelowna Rockets : 2 - Tucson Roadrunners : 3.
Goals for this period are 0 for Kelowna Rockets vs 1 for Tucson Roadrunners.
Shots for this period are 0 for Kelowna Rockets vs 2 for Tucson Roadrunners.
Back to the Top